 Dungeon Crawl Stone Soup version 0.31.0-1-g2c135a0 (webtiles) character file.

Game seed: 11061334007357606606

91 bonegar the Sneak (level 4, -8/37 HPs)
             Began as a Naga Enchanter on Feb 13, 2024.
             Mangled by a sleepcap (14 damage)
             ... on level 4 of the Dungeon.
             The game lasted 00:17:58 (1419 turns).

bonegar the Sneak (Naga Enchanter)                  Turns: 1419, Time: 00:17:58

Health: -8/37      AC:  4    Str: 10    XL:     4   Next: 59%
Magic:  7/7        EV:  1    Int: 16    God:
Gold:   79         SH:  0    Dex: 13    Spells: 5/7 levels left

rFire   . . .        j - +2 dagger (venom)
rCold   . . .        (no shield)
rNeg    . . .        b - +0 robe
rPois   +            l - +0 helmet
rElec   .            (no cloak)
rCorr   .            e - +0 pair of gloves
SInv    +            (no barding)
Will    .....        (no amulet)
Stlth   +++          o - ring of wizardry
HPRegen 0.26/turn    (no ring)
MPRegen 0.10/turn

%: wizardry (x1)
@: sleeping, invisible (expiring), very slow
A: AC +1, large, see invisible, deformed body, poison resistance, slowness 2,
spit poison 1, naga tail 1
a: Spit Poison


You were on level 4 of the Dungeon.
You visited 1 branch of the dungeon, and saw 4 of its levels.

You collected 79 gold pieces.

Inventory:

Hand Weapons
 a - a +1 dagger
 h - a +4 short sword
 i - a +1 antimagic dagger
 j - a +2 dagger of venom (weapon)
 k - a +0 dagger of freezing
Armour
 b - a +0 robe (worn)
 e - a +0 pair of gloves (worn)
 l - a +0 helmet (worn)
 r - a +0 kite shield
Jewellery
 o - a ring of wizardry (left hand)
Scrolls
 d - a scroll of immolation {unknown}
 g - a scroll of identify {unknown}
 m - a scroll of poison {unknown}
 q - 2 scrolls of vulnerability {unknown}
 s - 2 scrolls of teleportation {unknown}
Potions
 c - a potion of invisibility
 f - a potion of haste {unknown}
 n - a potion of degeneration {unknown}
 p - a potion of curing {unknown}
 u - a potion of cancellation {unknown}


   Skills:
 + Level 0.3 Fighting
 + Level 1.5 Short Blades
 + Level 2.2 Dodging
 + Level 5.9 Stealth
 + Level 2.3 Spellcasting
 + Level 3.4 Hexes
 + Level 0.2 Ice Magic


You had 5 spell levels left.
You knew the following spells:

 Your Spells              Type           Power      Damage    Failure   Level
a - Ensorcelled Hibernat  Hex/Ice        14%        N/A       6%          2

Your spell library contained the following spells:

 Spells                   Type           Power      Damage    Failure   Level
 Slow                     Hex            48%        N/A       1%          1
 Confusing Touch          Hex            12%        N/A       6%          3
 Sigil of Binding         Hex            12%        N/A       6%          3
 Tukima's Dance           Hex            12%        N/A       6%          3
 Dazzling Flash           Conj/Hex       14%        N/A       12%         3
 Ozocubu's Armour         Ice            2%         N/A       22%         3
 Vampiric Draining        Necr           1%         2d6       24%         3
 Metabolic Englaciation   Hex/Ice        3%         N/A       69%         5
 Sculpt Simulacrum        Ice/Alch       1%         N/A       100%        6


Dungeon Overview and Level Annotations

Branches:
Dungeon (4/15)
 Temple: D:4-7

Altars:


Innate Abilities, Weirdness & Mutations

Your serpentine skin is tough. (AC +1)
You have supernaturally acute eyesight. (SInv)
Armour fits poorly on your strangely shaped body.
Your system is resistant to poisons. (rPois)
You cover ground very slowly.
You can spit poison.
You have a snake-like lower body.


Message History

The goblin barely misses you.
You bump into the rock wall.
You feel less invigorated.
You feel less confused.
The sleepcap releases spores at you but does no damage.
The goblin barely misses you.
You closely miss the goblin. The sleepcap barely misses you.
The goblin misses you. The goblin hits you but does no damage.
You barely miss the goblin. The sleepcap closely misses you.
The goblin hits you with a +2 dagger of speed.
You catch the helpless goblin completely off-guard!
You puncture the goblin!
You kill the goblin!
The sleepcap releases spores at you.
You are engulfed in a cloud of soporific spores!
You fall asleep.
You wake up.
You closely miss the orc priest. The orc priest hits you with a +0 club.
The sleepcap misses you.
You hit the orc priest but do no damage.
The orc priest is poisoned.
You flicker for a moment.
The orc priest barely misses you. The sleepcap releases spores at you.
You are engulfed in a cloud of soporific spores!
You are unaffected.
You hit the orc priest but do no damage.
The orc priest looks as sick as possible!
The orc priest is lightly wounded.
The orc priest barely misses you. The sleepcap releases spores at you.
You hit the orc priest.
The orc priest is severely wounded.
The sleepcap completely misses you.
You strike the helpless sleepcap from behind!
You puncture the sleepcap!
The sleepcap looks as sick as possible!
The sleepcap is severely damaged.
The sleepcap releases spores at you!
* * * LOW HITPOINT WARNING * * *
You are engulfed in a cloud of soporific spores!
You fall asleep.
The sleepcap releases spores at you!
You die...

## ... ..# # #
####...#
#...#.####......#
#....)@f.<(...#
#.##.####....## #
###..# .....
##... #.


You could see a sleepcap (unable to see you, extremely poisoned).

Vanquished Creatures
  Natasha (D:2)
  3 adders (D:3)
  A dart slug (D:2)
  2 giant cockroaches (D:1)
  5 hobgoblins
  3 kobolds (D:1)
  2 quokkas
  5 ball pythons
  4 bats
  A frilled lizard (D:3)
  7 goblins
  5 rats
39 creatures vanquished.

Notes
Turn   | Place    | Note
-------+----------+-------------------------------------------
     0 | D:1      | bonegar the Naga Enchanter began the quest for the Orb.
     0 | D:1      | Reached XP level 1. HP: 15/15 MP: 3/3
   217 | D:1      | Reached XP level 2. HP: 19/22 MP: 5/5
   263 | D:1      | Found a faded altar of an unknown god.
   531 | D:1      | Learned a level 2 spell: Ensorcelled Hibernation
   569 | D:1      | Reached skill level 5 in Stealth
   827 | D:2      | Reached XP level 3. HP: 28/28 MP: 6/6
   843 | D:2      | Noticed Natasha
   860 | D:2      | Killed Natasha
  1008 | D:3      | Reached XP level 4. HP: 36/36 MP: 7/7
  1404 | D:4      | Noticed an ogre
  1419 | D:4      | Mangled by a sleepcap

Illustrated notes

Levels and vault maps discovered:
D:1:      ncdulo_lavacross, layout_loops_ring, shapermc_ecumenical_altar_pompeii
D:2:      layout_basic, uniq_natasha
D:3:      minmay_chambers_of_twos, layout_loops_ring, serial_bayou,
          serial_bayou_crossing, serial_bayou_ford_a, serial_bayou_pond_c,
          serial_bayou_shore_b, serial_bayou_shore_b, minmay_puff
D:4:      layout_loops_ring, jmf_multi_god_temple,
          serial_library_regret_index_headful

Skill      XL: |  1  2  3 |
---------------+----------+-----
Stealth        | 5 |  5.9
Dodging        | 2 |  2.2
Fighting       | |  0.3
Short Blades   | |  1.5
Spellcasting   | |  2.3
Hexes          | |  3.4
Ice Magic      | |  0.2

Action                     |  1- 3 |  4- 6 || total
---------------------------+-------+-------++-------
  Melee: Dagger            |    79 |    32 ||   111
         Punch             |     1 |       ||     1
   Cast: Ensorcelled Hiber |     4 |     6 ||    10
    Use: Potion            |       |     2 ||     2
   Stab: Sleeping          |     8 |     7 ||    15
         Invisible         |       |     2 ||     2
 Armour: Robe              |    35 |    34 ||    69
  Dodge: Dodged            |    33 |    33 ||    66
